 Seeded DCSS version 0.29-a0-577-gafbf2c5d25 (webtiles) character file.

Game seed: 585938074022289478 (custom seed)

5707 happo123 the Grappler (level 10, -7/96 HPs)
             Began as a Troll Warper on June 14, 2022.
             Was a Priest of Jiyva.
             Mangled by a komodo dragon (30 damage)
             ... on level 1 of the Lair of Beasts.
             The game lasted 00:24:30 (7429 turns).

happo123 the Grappler (Troll Warper)                Turns: 7429, Time: 00:24:31

Health: -7/96      AC:  8    Str: 29    XL:     10   Next: 48%
Magic:  11/14      EV: 13    Int: 17    God:    Jiyva [***...]
Gold:   288        SH:  0    Dex:  9    Spells: 5/16 levels left

rFire   + . .      SeeInvis +     - Unarmed
rCold   + . .      Faith    .   (no shield)
rNeg    . . .      Spirit   .   r - +1 robe {rF+}
rPois   .          Reflect  .   (helmet restricted)
rElec   .          Harm     .   i - +0 cloak
rCorr   +          Rampage  .   (gloves unavailable)
Will    .....                   (boots unavailable)
Stlth   +.........              (no amulet)
HPRegen 2.18/turn               u - ring of Demons {rC+ Str+6 Int+2 SInv}
MPRegen 0.49/turn               (no ring)

@: lethally poisoned (-7 -> -12)
A: large, unfitting armour, claws 3, regeneration 1, shaggy fur 1, tough skin 1,
clever 1, strong 1, acidic bite, gelatinous body 2, jelly sensing items, engulf
a: Renounce Religion, Oozemancy


You were on level 1 of the Lair of Beasts.
You worshipped Jiyva.
Jiyva was most pleased with you.
You visited 3 branches of the dungeon, and saw 10 of its levels.

You collected 288 gold pieces.

Inventory:

Hand Weapons
 n - a +0 arbalest
Missiles
 c - 7 boomerangs of dispersal (quivered)
 l - 11 boomerangs
Armour
 a - a +0 robe
 i - a +0 cloak (worn)
 r - a +1 robe of fire resistance (worn)
Jewellery
 u - the ring of Demons (left claw) {rC+ Str+6 Int+2 SInv}
   (You found it on level 5 of the Dungeon)

   [ring of strength]

   Str:       It affects your strength (+6).
   Int:       It affects your intelligence (+2).
   rC:        It protects you from cold.
   SInv:      It lets you see invisible.
Wands
 v - a wand of paralysis (8)
Scrolls
 b - a scroll of blinking
 f - 2 scrolls of vulnerability
 h - 2 scrolls of identify
 j - 2 scrolls of amnesia
 k - a scroll of fear {unknown}
 p - a scroll of immolation
 w - a scroll of teleportation
Potions
 d - 3 potions of berserk rage
 e - 2 potions of curing
 g - a potion of invisibility
 m - 2 potions of degeneration {unknown}
 o - a potion of cancellation {unknown}
 q - 3 potions of brilliance {unknown}
 s - 2 potions of magic {unknown}
 t - a potion of flight {unknown}
 x - 2 potions of lignification {unknown}
 z - a potion of might {unknown}
 A - 3 potions of mutation {unknown}


   Skills:
 + Level 5.2 Fighting
 - Level 0.8 Throwing
 + Level 5.2 Dodging
 * Level 8.8 Unarmed Combat
 + Level 3.9 Spellcasting
 * Level 6.9 Translocations


You had 5 spell levels left.
You knew the following spells:

 Your Spells              Type           Power      Damage    Failure   Level
a - Blink                 Tloc           52%        N/A       1%          2
b - Gell's Gravitas       Tloc           26%        N/A       2%          3
c - Lesser Beckoning      Tloc           26%        N/A       2%          3
d - Teleport Other        Tloc           26%        N/A       2%          3

Your spell library contained the following spells:

 Spells                   Type           Power      Damage    Failure   Level
 Manifold Assault         Tloc           26%        N/A       26%         5
 Ozocubu's Armour         Ice            3%         N/A       43%         3
 Ozocubu's Refrigeration  Ice            1%         4d5       100%        7


Dungeon Overview and Level Annotations

Branches:
Dungeon (8/15)             Temple (1/1) D:4            Lair (1/6) D:8

Altars:
Ashenzari
Cheibriados
Dithmenos
Elyvilon
Fedhas
Gozag
Hepliaklqana
Kikubaaqudgha
Makhleb
Nemelex Xobeh
Okawaru
Qazlal
Ru
Sif Muna
Trog
Uskayaw
Vehumet
Xom
Zin
The Shining One
Jiyva


Innate Abilities, Weirdness & Mutations

You are too large for most types of armour.
You have claws for hands.
Your natural rate of healing is unusually fast.
You are covered in fur. (AC +1)
You have tough skin. (AC +1)
Your mind is acute. (Int +2)
Your muscles are strong. (Str +2)
You have acidic saliva.
Your pliable body absorbs attacks. (AC +2, EV +2)
You have a small jelly attached to you that senses nearby items.
Your melee attacks may engulf your foes in ooze.


Message History

You are poisoned.
The water moccasin poisons you!
You feel very sick. The black mamba bites you!
The water moccasin attacks as you move away!
The water moccasin bites you!
You feel sick.
You feel stable enough to blink again.
You feel sick. The black mamba misses you. The water moccasin bites you.
A thick mucus forms on your claws.
You can no longer turn your foes to slime.
You feel sick. The black mamba completely misses you.
The water moccasin bites you.
The black mamba bites you but does no damage.
The black mamba quivers uncontrollably and liquefies into a slime creature!
The water moccasin bites you but does no damage.
The komodo dragon bites the slime creature.
The cane toad stings the slime creature!!
The water moccasin bites you but does no damage.
You swap places.
A yak comes into view.
You feel sick.
A yak comes into view.
The komodo dragon closely misses you. The cane toad stings you!
You are more poisoned.
The cane toad poisons you!
The slime creature hits the water moccasin!!
The water moccasin bites you.
You closely miss the water moccasin. Your bite misses the water moccasin.
The water moccasin is severely wounded.
The sentinel's mark upon you fades away.
You feel very sick. The cane toad stings you!
* * * LOW HITPOINT WARNING * * *
The komodo dragon misses you.
The water moccasin bites you but does no damage.
The slime creature closely misses the water moccasin.
You swap places.
The komodo dragon attacks as you move away!
The komodo dragon bites you!!
You die...

.............#
.$.....!.....#
.......Y.....##
.......Y..ยง..P#
............##
#...........#
.........####
.........l##
..........@########
.........FS........
...................
...................
...........#.######
.........####
.###P###. ##


You could see a komodo dragon, 2 yaks, a cane toad, a water moccasin and a
neutral slime creature (distracted) (fellow slime).

Vanquished Creatures
  The ghost of happo123 the Ruffian, a novice TrWr of Jiyva (D:8)
  A cane toad (Lair:1)
  6 komodo dragons (Lair:1)
  Grinder (D:6)
  Sigmund (D:4)
  A wyvern (Lair:1)
  2 yaks (Lair:1)
  2 water moccasins
  2 ice beasts
  An orc warrior (D:8)
  3 black bears
  A sky beast (D:7)
  2 ogres
  4 bullfrogs
  A necrophage (D:4)
  A gnoll sergeant (D:8)
  6 scorpions
  2 wights (D:7)
  4 killer bees (D:8)
  4 howler monkeys
  3 orc priests (D:8)
  A hound (D:6)
  Crazy Yiuf (D:5)
  An iguana (D:6)
  10 orc wizards
  A statue (D:4)
  8 gnolls
  3 adders
  A shadow imp (D:7)
  3 white imps
  4 ufetubi
  2 worms (D:2)
  2 dart slugs (D:1)
  16 orcs
  9 ball pythons
  4 endoplasms
  7 giant cockroaches
  6 goblins
  9 hobgoblins
  8 jackals (D:1)
  A quokka (D:2)
  4 bats
  5 frilled lizards (D:1)
  4 kobolds
  4 rats
163 creatures vanquished.

Vanquished Creatures (others)
  A wight (D:7)
  A crimson imp (D:8)
  16 jellies
  An iguana (D:7)
  2 adders
  A shadow imp (D:8)
  An endoplasm (D:4)
  An orc (D:7)
  2 ball pythons (D:4)
  27 fungi
  26 plants
  2 withered plants (D:8)
81 creatures vanquished.

Grand Total: 244 creatures vanquished

Notes
Turn   | Place    | Note
-------+----------+-------------------------------------------
     0 | D:1      | happo123 the Troll Warper began the quest for the Orb.
     0 | D:1      | Reached XP level 1. HP: 19/19 MP: 1/1
   217 | D:1      | Reached XP level 2. HP: 28/28 MP: 3/3
   234 | D:1      | Learned a level 2 spell: Blink
   439 | D:1      | Reached XP level 3. HP: 34/35 MP: 4/4
  1000 | D:2      | Reached XP level 4. HP: 42/42 MP: 5/5
  1340 | D:2      | Reached skill level 3 in Unarmed Combat
  1555 | D:2      | You fall into a shaft and drop 1 floor!
  2220 | D:3      | Found a faded altar of an unknown god.
  2600 | D:4      | Noticed a black bear
  2604 | D:4      | Killed a black bear
  2605 | D:4      | Reached XP level 5. HP: 47/50 MP: 6/6
  2632 | D:4      | Found a staircase to the Ecumenical Temple.
  2641 | Temple   | Entered the Ecumenical Temple
  2654 | Temple   | Became a worshipper of Jiyva Joywnoca the Shapeless
  2761 | D:4      | Noticed Sigmund
  2780 | D:4      | Killed Sigmund
  2781 | D:4      | Reached skill level 4 in Unarmed Combat
  2781 | D:4      | Reached XP level 6. HP: 44/59 MP: 6/8
  3061 | D:4      | Found a radiant altar of Vehumet.
  3208 | D:4      | Found a shimmering blue altar of Sif Muna.
  3238 | D:4      | Reached * piety under Jiyva
  3312 | D:5      | Entered Level 5 of the Dungeon
  3395 | D:5      | Found a sparkling altar of Nemelex Xobeh.
  3498 | D:5      | Reached ** piety under Jiyva
  3535 | D:5      | HP: 2/59 [ogre/+0 giant spiked club (24)]
  3537 | D:5      | Reached XP level 7. HP: 4/66 MP: 9/9
  3642 | D:5      | Identified the ring of Demons {rC+ Str+6 Int+2 SInv}
  3875 | D:5      | Reached *** piety under Jiyva
  3969 | D:5      | Gained mutation: You have a small jelly attached to you
                  | that senses nearby items. [Jiyva's grace]
  3969 | D:5      | Gained mutation: Your muscles are strong. (Str +2) [Jiyva's
                  | grace]
  3969 | D:5      | Gained mutation: Your muscles are very strong. (Str +4)
                  | [Jiyva's grace]
  3969 | D:5      | Gained mutation: Your mind is acute. (Int +2) [Jiyva's
                  | grace]
  3969 | D:5      | Found a runed translucent door.
  3970 | D:5      | Noticed Crazy Yiuf
  3981 | D:5      | Killed Crazy Yiuf
  4208 | D:5      | Found a white marble altar of Elyvilon.
  4276 | D:6      | Noticed Grinder
  4282 | D:6      | Paralysed by Grinder for 5 turns
  4309 | D:6      | Killed Grinder
  4310 | D:6      | Reached skill level 5 in Unarmed Combat
  4388 | D:6      | Reached XP level 8. HP: 71/75 MP: 10/10
  4652 | D:6      | Found a shadowy altar of Dithmenos.
  4762 | D:6      | Reached **** piety under Jiyva
  5514 | D:7      | Found an opulent altar of Gozag.
  5642 | D:7      | Reached ***** piety under Jiyva
  5718 | D:7      | Reached skill level 6 in Unarmed Combat
  5797 | D:7      | Reached skill level 5 in Translocations
  5910 | D:7      | Found a sacrificial altar of Ru.
  5972 | D:7      | Found a hazy altar of Hepliaklqana.
  5973 | D:7      | Found a shimmering altar of Xom.
  5974 | D:7      | Noticed a spectral ugly thing
  6028 | D:7      | Found a hide-covered altar of Uskayaw.
  6127 | D:7      | Noticed a hornet
  6133 | D:7      | Paralysed by a hornet for 1 turns
  6139 | D:7      | Paralysed by a hornet for 1 turns
  6143 | D:7      | Slimified a hornet
  6143 | D:7      | Noticed a slime creature
  6143 | D:7      | a hornet changed into a slime creature
  6173 | D:7      | Lost mutation: Your muscles are very strong. (Str +4)
                  | [Jiyva's grace]
  6173 | D:7      | Gained mutation: Your melee attacks may engulf your foes in
                  | ooze. [Jiyva's grace]
  6173 | D:7      | Gained mutation: You have acidic saliva. [Jiyva's grace]
  6173 | D:7      | Gained mutation: Your rubbery body absorbs attacks. (AC +1,
                  | EV +1) [Jiyva's grace]
  6173 | D:7      | Gained mutation: Your pliable body absorbs attacks. (AC +2,
                  | EV +2) [Jiyva's grace]
  6310 | D:8      | Reached XP level 9. HP: 61/84 MP: 12/12
  6380 | D:8      | Reached skill level 7 in Unarmed Combat
  6385 | D:8      | Learned a level 3 spell: Gell's Gravitas
  6389 | D:8      | Learned a level 3 spell: Lesser Beckoning
  6393 | D:8      | Learned a level 3 spell: Teleport Other
  6420 | D:8      | Found a runed translucent door.
  6420 | D:8      | Noticed happo123's ghost (novice TrWr)
  6571 | D:8      | Found a staircase to the Lair.
  6913 | D:8      | Found a burning altar of Makhleb.
  7208 | D:8      | Killed happo123's ghost
  7222 | Lair:1   | Entered Level 1 of the Lair of Beasts
  7236 | Lair:1   | Noticed a cane toad
  7240 | Lair:1   | Killed a cane toad
  7302 | Lair:1   | Noticed a komodo dragon
  7310 | Lair:1   | Killed a komodo dragon
  7311 | Lair:1   | Reached skill level 8 in Unarmed Combat
  7311 | Lair:1   | Reached XP level 10. HP: 60/94 MP: 14/14
  7336 | Lair:1   | Reached skill level 5 in Dodging
  7339 | Lair:1   | Reached skill level 5 in Fighting
  7414 | Lair:1   | Noticed a black mamba
  7415 | Lair:1   | Noticed a cane toad
  7426 | Lair:1   | Slimified a black mamba
  7426 | Lair:1   | a black mamba changed into a slime creature
  7429 | Lair:1   | Mangled by a komodo dragon

Illustrated notes

Levels and vault maps discovered:
D:1:      dpeg_arrival_rooms_a, layout_loops_cross, minmay_shallow_snake_nest
D:2:      layout_basic, ebering_dispersal_statue_hall, grunt_decor_arrowhead,
          grunt_ministairs_3
D:3:      layout_loops_ring, hellmonk_ecumenical_altar_leap_of_faith
D:4:      layout_gridville, lemuel_blue_sif_altar, vehumet_statue,
          minmay_temple_entry_glass, uniq_sigmund
D:5:      layout_loops_corners, nicolae_elyvilon_temple_path,
          amcnicky_altar_gilded, minmay_misc_feat_square,
          uniq_crazy_yiuf_cottage
D:6:      layout_layer_cave, nicolae_dithmenos_shadow_blocks, minivault_24,
          uniq_grinder
D:7:      layout_basic, regret_index_temple_of_mockery, grunt_gozag_statues,
          marbit_many_paths, mainiacjoe_overflow_paths
D:8:      layout_loops_cross, makhleb_grotto_becter,
          grunt_lair_entry_orc_guard_hut, gammafunk_ghost_grave
Temple:   pf_slimified_temple
Lair:1:   layout_gridlike, basic_altar, beast_lair_carwin_10

Skill      XL: |  1  2  3  4  5  6  7  8  9 10 |
---------------+-------------------------------+-----
Dodging        | 2 3 4 5 |  5.2
Unarmed Combat | 3 4 5 6 8 |  8.8
Fighting       | 2 3 4 5 |  5.2
Translocations | 3 4 5 6 |  6.9
Spellcasting   | 2 3 |  3.9
Throwing       | |  0.8

Action                   |  1- 3 |  4- 6 |  7- 9 | 10-12 || total
-------------------------+-------+-------+-------+-------++-------
Melee: Unarmed           |   103 |   147 |   289 |    34 ||   573
       Punch             |     1 |     2 |    13 |       ||    16
       Bite              |       |       |     5 |     4 ||     9
 Cast: Lesser Beckoning  |       |       |     1 |       ||     1
       Blink             |       |       |       |     1 ||     1
Invok: Slimify           |       |       |     2 |     1 ||     3
       Oozemancy         |       |       |       |     1 ||     1
  Use: Scroll            |       |       |     6 |       ||     6
 Stab: Sleeping          |       |     3 |       |       ||     3
Armor: Robe              |    45 |    42 |    80 |    13 ||   180
Dodge: Dodged            |    56 |    58 |   165 |    21 ||   300

Table legend: (Time is in decaauts)
 A = Elapsed time spent in this place.
 B = Non-inter-level travel time spent in this place.
 C = Inter-level travel time spent in this place.
 D = Time resting spent in this place.
 E = Time spent auto-exploring this place.
 F = Levels seen in this place.
 G = Mean time per level.
                   A        B        C        D        E       F      G
               +--------+--------+--------+--------+--------+-----+--------+
         Total |   7383 |   7010 |    373 |     70 |   5665 |  10 |  738.3 |
       Dungeon |   7105 |   6772 |    333 |     70 |   5524 |   8 |  888.1 |
        Temple |     78 |     47 |     31 |      0 |     42 |   1 |   78.0 |
          Lair |    199 |    190 |      9 |      0 |     99 |   1 |  199.0 |
               +--------+--------+--------+--------+--------+-----+--------+

Top non-repeatable levels by time:
     D:6: 1244 daAuts
     D:2: 1205 daAuts
     D:5: 921 daAuts
     D:8: 881 daAuts
     D:7: 840 daAuts
     D:1: 764 daAuts
     D:4: 712 daAuts
     D:3: 534 daAuts
  Lair:1: 199 daAuts
  Temple: 78 daAuts
